 Dungeon Crawl Stone Soup version 0.29.0-4-gdea44cf6ec (webtiles) character file.

Game seed: 6867323845981729019

23 qw the Chopper (level 2, 0/17 HPs)
             Began as a Tengu Warper on Aug 28, 2022.
             Slain by Terence
             ... wielding a +0 antimagic short sword
              (2 damage)
             ... on level 2 of the Dungeon.
             The game lasted 00:00:05 (875 turns).

qw the Chopper (Tengu Warper)                        Turns: 875, Time: 00:00:05

Health: 0/17       AC:  5    Str: 11    XL:     2   Next: 95%
Magic:  3/6        EV: 10    Int: 13    God:
Gold:   135        SH:  0    Dex: 13    Spells: 5/5 levels left

rFire   . . .      SeeInvis .   Y - +0 hand axe
rCold   . . .      Faith    .   (no shield)
rNeg    . . .      Spirit   .   f - +0 ring mail
rPois   .          Reflect  .   (helmet restricted)
rElec   .          Harm     .   (no cloak)
rCorr   .          Rampage  .   (no gloves)
Will    .....                   (boots unavailable)
Stlth   +.........              (no amulet)
HPRegen 0.05/turn               (no ring)
MPRegen 0.10/turn               (no ring)

@: no status effects
A: beak, talons 3
a: no special abilities


You were on level 2 of the Dungeon.
You visited 1 branch of the dungeon, and saw 2 of its levels.

You collected 135 gold pieces.


Innate Abilities, Weirdness & Mutations

You have a beak for a mouth.
You have claws for feet.


   Skills:
 - Level 2.0 Fighting
 + Level 3.7 Axes
 - Level 1.0 Throwing
 - Level 1.1 Armour
 - Level 2.1 Dodging
 - Level 2.0 Spellcasting
 - Level 2.4 Translocations


You had 5 spell levels left.
You didn't know any spells.
Your spell library contained the following spells:

 Spells                   Type           Power      Damage    Failure   Level
 Blink                    Tloc           14%        N/A       34%         2
 Gell's Gravitas          Tloc           7%         N/A       56%         3
 Lesser Beckoning         Tloc           7%         N/A       56%         3
 Teleport Other           Tloc           7%         N/A       56%         3
 Manifold Assault         Tloc           7%         N/A       99%         5

Inventory:

Hand Weapons
 k - a +0 whip
 Y - a +0 hand axe (weapon)
Armour
 f - a +0 ring mail (worn)
Scrolls
 h - a scroll of identify
Potions
 g - a potion of curing
 j - 2 potions of haste
 l - a potion of might {unknown}

Dungeon Overview and Level Annotations

Branches:
Dungeon (2/15)

Altars:

Annotations:
D:2 Terence


Message History

You peck Terence, but do no damage.
Terence is lightly wounded.
Terence hits you with a +0 antimagic short sword.
You barely miss Terence. You claw Terence, but do no damage. You peck Terence.
Terence is moderately wounded.
Terence hits you with a +0 antimagic short sword.
You feel your power leaking away.
You barely miss Terence. You claw Terence.
Terence is moderately wounded.
Terence closely misses you.
You hit Terence but do no damage. Your kick misses Terence.
Terence is moderately wounded.
Terence hits you with a +0 antimagic short sword.
You feel your power leaking away.
You hit Terence but do no damage. You claw Terence.
Terence is moderately wounded.
Terence hits you with a +0 antimagic short sword.
You feel your power leaking away.
You hit Terence.
Terence is heavily wounded.
Terence hits you with a +0 antimagic short sword.
You barely miss Terence.
Terence is heavily wounded.
Terence barely misses you.
You hit Terence. You claw Terence, but do no damage.
Terence is heavily wounded.
Terence hits you with a +0 antimagic short sword.
You barely miss Terence. You claw Terence, but do no damage.
Your peck misses Terence.
Terence is heavily wounded.
Terence hits you with a +0 antimagic short sword.
You feel your power leaking away. Terence hits you but does no damage.
You hit Terence but do no damage.
Terence is heavily wounded.
Terence barely misses you.
You barely miss Terence.
Terence is heavily wounded.
Terence hits you with a +0 antimagic short sword.
You die...

#... ..#... ......
...#..###### ##
......:.... .#
#....... .# . #...# .#
..####..#########.#
#%<............@.#
#..##..#########@....#
##......# .#####
###..#... .# #..####..
.# ##.. .# .. #... .
## #.###


You could see Terence.

Vanquished Creatures
  5 endoplasms
  A giant cockroach (D:1)
  A goblin (D:1)
  2 hobgoblins (D:1)
  3 kobolds (D:1)
  2 quokkas
  A ball python (D:1)
  A bat (D:1)
  2 frilled lizards (D:1)
  A rat (D:1)
19 creatures vanquished.

Notes
Turn   | Place    | Note
-------+----------+-------------------------------------------
     0 | D:1      | qw the Tengu Warper began the quest for the Orb.
     0 | D:1      | Reached XP level 1. HP: 12/12 MP: 4/4
     0 | D:1      | 0 ||| qw: Version: 0.1-a-89-g26bdef1
     0 | D:1      | 0 ||| qw: Game counter: 2774
     0 | D:1      | 0 ||| qw: Always use a shield: true
     0 | D:1      | 0 ||| qw: God list: Okawaru
     0 | D:1      | 0 ||| qw: Allow faded altars: false
     0 | D:1      | 0 ||| qw: Do Orc after D:15 true
     0 | D:1      | 0 ||| qw: Do second Lair branch before Depths: true
     0 | D:1      | 0 ||| qw: Lair rune preference: random
     0 | D:1      | 0 ||| qw: Plans: Normal
     0 | D:1      | 0 ||| PLANNING D:1-11
    12 | D:1      | 12 ||| Stepping ~*~*~tactically~*~*~ (stealth).
    14 | D:1      | 14 ||| Stepping ~*~*~tactically~*~*~ (stealth).
    73 | D:1      | 73 ||| Stepping ~*~*~tactically~*~*~ (stealth).
   137 | D:1      | Reached skill level 3 in Axes
   137 | D:1      | Reached XP level 2. HP: 17/17 MP: 6/6
   510 | D:1      | 510 ||| Stepping ~*~*~tactically~*~*~ (stealth).
   515 | D:1      | 515 ||| Stepping ~*~*~tactically~*~*~ (stealth).
   608 | D:1      | 608 ||| UPGRADING to +0 ring mail.
   618 | D:1      | 618 ||| DROPPING +0 leather armour.
   619 | D:1      | 619 ||| READING scroll labelled NYVEOFUCUE.
   720 | D:1      | 720 ||| READING scroll labelled URYTHY VOROO.
   721 | D:1      | 721 ||| READING 4 scrolls labelled RUPORYTHIL.
   722 | D:1      | 722 ||| READING scroll labelled DOSSANN ZIMM.
   725 | D:1      | 725 ||| READING scroll labelled WUWKEDW UXOCO.
   726 | D:1      | 726 ||| READING scroll labelled SICZOXK YRIXE.
   727 | D:1      | 727 ||| READING 3 scrolls of identify.
   727 | D:1      | 727 ||| IDENTIFYING red potion
   728 | D:1      | 728 ||| READING 2 scrolls of identify.
   728 | D:1      | 728 ||| IDENTIFYING clear potion
   729 | D:1      | 729 ||| DROPPING scroll of blinking.
   862 | D:2      | Noticed Terence
   870 | D:2      | HP: 4/17 [Terence/+0 antimagic short sword (1)]
   873 | D:2      | HP: 1/17 [Terence/+0 antimagic short sword (2)]
   875 | D:2      | Slain by Terence

Levels and vault maps discovered:
D:1:      minmay_arrival_radiant_lines, layout_loops_cross,
          minmay_split_cup_small
D:2:      layout_rooms, shapermc_ecumenical_altar_flowoftime, serial_shops,
          shop, kennysheep_small_spiral, minmay_ruptured, uniq_terence

Skill      XL: |  1 |
---------------+----+-----
Axes           | 3 |  3.7
Fighting       | |  2.0
Throwing       | |  1.0
Armour         | |  1.1
Dodging        | |  2.1
Spellcasting   | |  2.0
Translocations | |  2.4

Action                   || total
-------------------------++-------
Melee: Hand axe          ||    45
       Kick              ||    12
       Peck              ||     7
Throw: Boomerang         ||     7
  Use: Scroll            ||     8
Armor: Leather armour    ||     4
       Ring mail         ||     2
Dodge: Dodged            ||    16

Table legend:
 A = Non-vault XP
 B = Vault XP
 C = Vault XP percentage of total XP
 D = Non-vault monster count
 E = Vault monster count
 F = Vault count percentage of total count
                 A         B        C        D         E       F
            +---------+---------+-------+---------+---------+-------
      Total |      30 |       3 |   9.1 |      16 |       3 |  15.8
            +---------+---------+-------+---------+---------+-------
        D:1 |      26 |       3 |  10.3 |      14 |       3 |  17.6
        D:2 |       4 |       0 |   0.0 |       2 |       0 |   0.0
            +---------+---------+-------+---------+---------+-------
